 Dungeon Crawl Stone Soup version 0.30-a0-222-ge547ba4400 (webtiles) character file.

Game seed: 16230483674998212415

16 Angani the Vexing (level 2, 0/20 HPs)
             Began as a Vampire Hexslinger on Oct 8, 2022.
             Was a Follower of Sif Muna.
             Slain by a hobgoblin (3 damage)
             ... on level 1 of the Dungeon.
             The game lasted 00:03:22 (224 turns).

Angani the Vexing (Vampire Hexslinger)               Turns: 224, Time: 00:03:23

Health: 0/20       AC:  2    Str:  9    XL:     2   Next: 41%
Magic:  0/4        EV: 12    Int: 15    God:    Sif Muna [*.....]
Gold:   11         SH:  0    Dex: 14    Spells: 2/3 levels left

rFire   . . .      SeeInvis +    a - +1 sling
rCold   . . .      Faith    .    (no shield)
rNeg    . . .      Spirit   .    c - +0 robe
rPois   .          Reflect  .    (no helmet)
rElec   .          Harm     .    (no cloak)
rCorr   .          Rampage  .    (no gloves)
Will    .....                    (no boots)
Stlth   +.........               (no amulet)
HPRegen 0.43/turn                (no ring)
MPRegen 0.09/turn                (no ring)

@: healing quickly
A: alive, fangs 3, see invisible, vampiric 1
a: Exsanguinate, Renounce Religion, Channel Magic


You were on level 1 of the Dungeon.
You worshipped Sif Muna.
Sif Muna was aware of your devotion.
You visited 1 branch of the dungeon, and saw 1 of its levels.

You collected 11 gold pieces.

Inventory:

Hand Weapons
 a - a +1 sling (weapon)
Armour
 c - a +0 robe (worn)
Scrolls
 b - a scroll of poison
Potions
 d - a potion of haste {unknown}


   Skills:
 - Level 0.8 Fighting
 + Level 2.0 Ranged Weapons
 - Level 2.1 Dodging
 + Level 1.4 Spellcasting
 + Level 4.8 Hexes


You had 2 spell levels left.
You knew the following spells:

 Your Spells              Type           Power      Damage    Failure   Level
a - Slow                  Hex            60%        N/A       3%          1

Your spell library contained the following spells:

 Spells                   Type           Power      Damage    Failure   Level
 Inner Flame              Hex/Fire       8%         N/A       26%         3
 Portal Projectile        Hex/Tloc       16%        N/A       26%         3
 Cause Fear               Hex            7%         N/A       30%         4


Dungeon Overview and Level Annotations

Branches:
Dungeon (1/15)

Altars:
Sif Muna


Innate Abilities, Weirdness & Mutations

Your natural rate of healing is accelerated.
You have razor-sharp teeth.
You have supernaturally acute eyesight. (SInv)
You are afflicted with vampirism.


Message History

The jackal is almost dead.
The hobgoblin closely misses you.
The jackal bites you but does no damage.
Unknown command.
Fire: a) +1 sling
Press: ? - help, Q - select action, (/) - cycle Shift-Dir - straight line, f/p - jackal
Aim: a jackal (almost dead, slow, 47% to hit)
You shoot a sling bullet. The sling bullet hits the jackal.
You kill the jackal!
Sif Muna accepts your kill. The hobgoblin hits you.
Your Ranged Weapons skill increases to level 2!
Casting: Slow (safe; 3% risk of failure)
Confirm with . or Enter, or press ? or * to list all spells.
Aiming: Slow (safe; 3% risk of failure)
Press: ? - help, Shift-Dir - straight line, f - jackal
Aim: a jackal (chance to affect: 71%)
The jackal struggles to resist.
The jackal bites you. The hobgoblin hits you. The jackal bites you.
* * * LOW HITPOINT WARNING * * *
Unknown command.
Unknown command.
Casting: Slow (safe; 3% risk of failure)
Confirm with . or Enter, or press ? or * to list all spells.
Aiming: Slow (safe; 3% risk of failure)
Press: ? - help, Shift-Dir - straight line, f/p - jackal
Aim: a jackal (chance to affect: 71%)
The jackal seems to slow down.
The hobgoblin hits you but does no damage.
The jackal barely misses you.
Unknown command.
Fire: a) +1 sling
Press: ? - help, Q - select action, (/) - cycle Shift-Dir - straight line, f/p - jackal
Aim: a jackal (slow, 50% to hit)
You shoot a sling bullet. The sling bullet hits the jackal.
The jackal is heavily wounded.
The hobgoblin hits you.
* * * LOW HITPOINT WARNING * * *
The jackal closely misses you. The hobgoblin hits you.
You die...

....#..### ##.........
#.......## #......##.
#........########.####.
.###...........# #. #.
..#.......# #. #.
.........## #. #. #
#.....†..####. ..
#.#####.###gh......# ##
...........@#####.##
........)...............
..........#.............
........................
.#######...............
#..............
#...........##
#............##
##.._......)..#######


You could see a jackal (slow) and a hobgoblin.

Vanquished Creatures
  An endoplasm (D:1)
  A goblin (D:1)
  3 jackals (D:1)
  A kobold (D:1)
  2 ball pythons (D:1)
  3 bats (D:1)
  4 frilled lizards (D:1)
  3 rats (D:1)
18 creatures vanquished.

Notes
Turn   | Place    | Note
-------+----------+-------------------------------------------
     0 | D:1      | Angani the Vampire Hexslinger began the quest for the Orb.
     0 | D:1      | Reached XP level 1. HP: 14/14 MP: 2/2
   138 | D:1      | Reached XP level 2. HP: 12/20 MP: 4/4
   168 | D:1      | Found a faded altar of an unknown god.
   188 | D:1      | Prayed at the altar of an unknown god.
   188 | D:1      | Became a worshipper of Sif Muna the Loreminder
   188 | D:1      | Reached * piety under Sif Muna
   224 | D:1      | Slain by a hobgoblin

Illustrated notes

Levels and vault maps discovered:
D:1:      scummos_arrival_hexagon, layout_rooms,
          ebering_ecumenical_altar_sacrificial, st_stairs_9,
          hangedman_glass_teeth, nrook_mini_backslash

Skill      XL: |  1  2 |
---------------+-------+-----
Ranged Weapons | 2 |  2.0
Fighting       | |  0.8
Dodging        | |  2.1
Spellcasting   | |  1.4
Hexes          | |  4.8

Action                   || total
-------------------------++-------
 Fire: Sling             ||    71
 Cast: Slow              ||     5
Armor: Robe              ||    20
Dodge: Dodged            ||    44

Table legend: (Time is in decaauts)
 A = Elapsed time spent in this place.
 B = Non-inter-level travel time spent in this place.
 C = Inter-level travel time spent in this place.
 D = Time resting spent in this place.
 E = Time spent auto-exploring this place.
 F = Levels seen in this place.
 G = Mean time per level.
                   A        B        C        D        E       F      G
               +--------+--------+--------+--------+--------+-----+--------+
         Total |    245 |    245 |      0 |     15 |     97 |   1 |  245.0 |
       Dungeon |    245 |    245 |      0 |     15 |     97 |   1 |  245.0 |
               +--------+--------+--------+--------+--------+-----+--------+

Top non-repeatable levels by time:
     D:1: 245 daAuts
